[Event "*** SCC Grand Prix: Titled Tuesday Blitz"]
[Site "Chess.com"]
[Date "2020.08.25"]
[Round "1"]
[White "paulrusan"]
[Black "Zq1"]
[Result "0-1"]
[WhiteElo "2183"]
[BlackElo "2518"]
[TimeControl "180+1"]
[EndTime "10:07:13 PDT"]
[Termination "Zq1 won by resignation"]

1. e4 c5 2. b4 cxb4 3. Bb2 d6 4. d4 Nf6 5. Bd3 g6 6. Ne2 Bg7 7. Nd2 O-O 8. O-O Nc6 9. h3 e5 10. f4 exd4 11. Nxd4 Qb6 12. Nf3 Nh5 13. Bc4 Nxf4 14. Kh1 Nh5 15. Re1 Bd7 16. Rb1 Rae8 17. Nxc6 Bxb2 18.
Rxb2 Bxc6 19. Bd5 Ng3+ 20. Kh2 Nxe4 21. Bxe4 Rxe4 22. Qxd6 Rxe1 23. Nxe1 Rd8 24. Qg3 Rd2 25. a3 Qf2 26. axb4 Qxg3+ 27. Kxg3 Re2 28. Nf3 Be4 29. Nd4 Rxg2+ 30. Kf4 Bd5 31. b5 h5 32. Ke5 Rg5+ 33.
Kd6 h4 34. Rb4 Bg2 35. Kc7 Rg3 36. Ra4 Rxh3 37. Rxa7 Re3 38. c4 h3 39. c5 h2 40.
Ra1 h1=Q 41. Rxh1 Bxh1 42. c6 bxc6 43. bxc6 Rc3 44. Kd6 Rxc6+ 45. Nxc6 Bxc6 0-1

[Event "*** SCC Grand Prix: Titled Tuesday Blitz"]
[Site "Chess.com"]
[Date "2020.08.25"]
[Round "1"]
[White "BigAl"]
[Black "gagtemp"]
[Result "1-0"]
[WhiteElo "2468"]
[BlackElo "1957"]
[TimeControl "180+1"]
[EndTime "10:07:13 PDT"]
[Termination "BigAl won on time"]

1. e4 d5 2. exd5 Qxd5 3. Nf3 Bg4 4. Be2 Nc6 5. O-O O-O-O 6. Nc3 Qh5 7. b4 Nf6 8. b5 Nd4 9. Nxd4 Rxd4 10. Bxg4+ Rxg4 11. h3 Rh4 12. Qxh5 Rxh5 13. d4 e6 14. a4 Bd6 15.
Ne2 Rg8 16. c4 g5 17. f3 Rh4 18. Be3 Rh6 19. a5 Rhg6 20. a6 b6 21. Nc3 h5 22.
Ne4 Nxe4 23. fxe4 R6g7 24. e5 Be7 25. Rf2 g4 26. hxg4 hxg4 27. Raf1 Bd8 28. Rxf7 Rg6 29. Rh7 g3 30. Rff7 Rg4 31. Kf1 Re4 32. Ke2 Reg4 33.
Kf3 R4g6 34. Bf4 1-0

[Event "*** SCC Grand Prix: Titled Tuesday Blitz"]
[Site "Chess.com"]
[Date "2020.08.25"]
[Round "1"]
[White "Aygehovit1992"]
[Black "PauloCesarCosta_sad"]
[Result "1-0"]
[WhiteElo "2612"]
[BlackElo "2278"]
[TimeControl "180+1"]
[EndTime "10:07:14 PDT"]
[Termination "Aygehovit1992 won on time"]

1. e4 e6 2. d4 d5 3. Nc3 Nf6 4.
exd5 exd5 5. Bd3 Bd6 6. Bg5 c6 7. Qf3 O-O 8. Nge2 Bg4 9. Bxf6 Bxf3 10. Bxd8 Bxe2 11. Nxe2 Rxd8 12. c3 Nd7 13. Kd2 Nf6 14. f3 Re8 15. g4 Re7 16. h4 Rae8 17. h5 h6 18. Rag1 Nh7 19. Bxh7+ Kxh7 20. Rg2 f6 21. Rf1 Kg8 22. a4 a6 23. a5 Bc7 24. b4 Bd6 25. f4 Re3 26. Nc1 R3e4 27. Nd3 R4e7 28. Rff2 Re4 29. f5 R4e7 30. Re2 Kf7 31. Rxe7+ Rxe7 32. Re2 Rxe2+ 33. Kxe2 Ke7 34. Ne1 Bf4 35. Kd3 Bg3 36. Nc2 Bd6 37. c4 dxc4+ 38. Kxc4 Kd7 39. d5 cxd5+ 40.
Kxd5 Ke7 41. Kc4 Kd7 42. Nd4 Be7 43. Ne6 1-0

[Event "*** SCC Grand Prix: Titled Tuesday Blitz"]
[Site "Chess.com"]
[Date "2020.08.25"]
[Round "1"]
[White "TurboSteen"]
[Black "2346PL"]
[Result "0-1"]
[WhiteElo "2033"]
[BlackElo "2475"]
[TimeControl "180+1"]
[EndTime "10:07:14 PDT"]
[Termination "2346PL won on time"]

1. e4 c5 2. Nc3 Nc6 3. Bb5 Nd4 4. Nf3 Nxb5 5. Nxb5 a6 6. Nc3 d6 7. d4 cxd4 8. Qxd4 e5 9. Qb4 Nf6 10. Bg5 d5 11. Qb3 dxe4 12. Nxe4 Be7 13. Nxe5 Be6 14. Nxf6+ gxf6 15. Qxb7 Bd5 16. Nc6 fxg5 17. O-O-O Bf6 18. Rxd5 Qc8 19. Re1+ Kf8 20. Qb4+ Kg7 21. Rc5 Qd7 22. h4 h6 23. Qc4 Rae8 24. Rd1 Qc7 25. Rf5 Re6 26. hxg5 hxg5 27. g4 Rxc6 28. Qd3 Rc8 29. c3 Qh2 30. Qd2 Qh3 0-1

[Event "*** SCC Grand Prix: Titled Tuesday Blitz"]
[Site "Chess.com"]
[Date "2020.08.25"]
[Round "1"]
[White "AntonovaNadezhda"]
[Black "dopolian"]
[Result "0-1"]
[WhiteElo "2027"]
[BlackElo "2475"]
[TimeControl "180+1"]
[EndTime "10:07:15 PDT"]
[Termination "dopolian won by checkmate"]

1. d4 Nf6 2. Nf3 e6 3. e3 d5 4. Nbd2 Be7 5. Bd3 O-O 6. b3 b6 7. Bb2 c5 8. O-O Nbd7 9. Ne5 Bb7 10. f4 Ne8 11. Rf3 f5 12. Rg3 Nef6 13. Ndf3 Rc8 14. Rh3 Nxe5 15. Nxe5 a6 16. a4 Ne4 17.
Qh5 Nf6 18. Qe2 a5 19. Rf1 g6 20. Bb5 Qc7 21. c3 Bd6 22. Nf3 cxd4 23. Ne5 dxc3 24. Nf3 cxb2 25. Nd4 Qe7 26. Nxe6 Qxe6 27. Qxb2 Bc5 28.
Qd2 Ng4 29. Rff3 Rf7 30. Rhg3 Re7 31. h3 Nxe3 32. Kh2 d4 33. Rxe3 dxe3 34. Qb2 e2 35.
Bc4 e1=Q 36. Bxe6+ Qxe6 37. h4 Qe1 38. h5 Qg1+ 39. Kh3 Qh1# 0-1

[Event "*** SCC Grand Prix: Titled Tuesday Blitz"]
[Site "Chess.com"]
[Date "2020.08.25"]
[Round "1"]
[White "Pikachess999"]
[Black "Alexander_Moskalenko"]
[Result "0-1"]
[WhiteElo "2403"]
[BlackElo "2774"]
[TimeControl "180+1"]
[EndTime "10:07:16 PDT"]
[Termination "Alexander_Moskalenko won by resignation"]

1. e4 c6 2. d4 d5 3. Nc3 dxe4 4. Nxe4 Nd7 5. Ng5 Ngf6 6. Bd3 e6 7. Qe2 h6 8. Ne4 Nxe4 9. Qxe4 c5 10. Nf3 cxd4 11. Nxd4 Nc5 12. Bb5+ Bd7 13. Bxd7+ Qxd7 14. Qe3 Rd8 15. c3 Be7 16. O-O O-O 17. Qg3 Ne4 18.
Qg4 Nf6 19. Qf3 Qd5 20. Be3 a6 21. Rfd1 Rd7 22. Qxd5 Nxd5 23. Nc2 Rfd8 24. Kf1 g5 25. Ke2 f5 26. g3 Kf7 27. Bd4 Bf6 28. c4 Bxd4 29. Rxd4 Nf4+ 30. gxf4 Rxd4 31. Nxd4 Rxd4 32.
fxg5 hxg5 33. Rc1 Rh4 34. c5 Rxh2 35. c6 bxc6 36. Rxc6 a5 37. Ra6 g4 38. Kf1 Rh1+ 39. Kg2 Rb1 40. b3 Rb2 41. Rxa5 f4 42. Kg1 Kf6 43. Ra4 Kf5 44. Kf1 e5 45. Ke1 f3 46.
Ra8 g3 47. fxg3 Ke4 48. Kd1 f2 49. Rf8 Ke3 50. Kc1 Rxa2 51. g4 f1=Q+ 52. Rxf1 Ra1+ 0-1

[Event "*** SCC Grand Prix: Titled Tuesday Blitz"]
[Site "Chess.com"]
[Date "2020.08.25"]
[Round "1"]
[White "Shuvalov"]
[Black "Harsha_Bharathakoti"]
[Result "0-1"]
[WhiteElo "2412"]
[BlackElo "2827"]
[TimeControl "180+1"]
[EndTime "10:07:19 PDT"]
[Termination "Harsha_Bharathakoti won by resignation"]

1. Nf3 d5 2. c4 d4 3. b4 g6 4. Bb2 Bg7 5. d3 c5 6. bxc5 Nc6 7. g3 Nf6 8. Bg2 Nd7 9. Ba3 Nxc5 10. Bxc5 Qa5+ 11. Nbd2 Qxc5 12. O-O O-O 13. Rb1 Rb8 14. Rb5 Qd6 15. Qb1 Qc7 16. Ne4 f5 17. Nc5 b6 18.
Ng5 bxc5 19. Bxc6 Rxb5 20. Qxb5 Qd6 21. Rb1 h6 22. Nf3 Kh7 23. Nd2 a6 24. Qb6 Rf6 25.
Nb3 Qxc6 26. Qxc5 Qxc5 27. Nxc5 Rc6 28. Na4 Bf6 29. Rb8 Bd7 30. Nb6 Be6 31. a4 a5 32.
Rb7 Kg7 33. Kg2 Kf7 34. e3 Be5 35. Kf3 Rc7 36. Rxc7 Bxc7 37. Nd5 Bxd5+ 38. cxd5 Kf6 39. exd4 Bb6 40. Ke3 Kf7 41. f3 Ke8 42. g4 Bc7 43.
h4 h5 44. gxf5 gxf5 45. f4 Kd7 0-1

[Event "*** SCC Grand Prix: Titled Tuesday Blitz"]
[Site "Chess.com"]
[Date "2020.08.25"]
[Round "1"]
[White "Gvetadze"]
[Black "mbojan"]
[Result "0-1"]
[WhiteElo "2404"]
[BlackElo "2799"]
[TimeControl "180+1"]
[EndTime "10:07:19 PDT"]
[Termination "mbojan won by resignation"]

1. Nf3 Nf6 2. g3 g6 3. Bg2 Bg7 4. O-O O-O 5. d3 d5 6. Nbd2 Bg4 7. c4 c6 8. Qb3 Qb6 9. Qc2 Bxf3 10. Bxf3 e6 11.
Nb3 Nbd7 12. e4 dxe4 13. dxe4 Rfd8 14. c5 Qc7 15. Bf4 e5 16. Be3 Nf8 17. Rfd1 Ne6 18.
Kg2 Nd7 19. Rd6 Bf8 20. Rxe6 fxe6 21. Qc4 Re8 22. Bg4 Kf7 23. f4 Nf6 24. Bh3 Rad8 25.
Rf1 Kg7 26. Bxe6 exf4 27. gxf4 Rxe6 28. Qxe6 Re8 29. Qc4 Rxe4 30. Qc3 Kg8 31. Bd4 Nd5 32. Qg3 Rxf4 33. Re1 Qf7 34. Be5 Rf5 35. Nd4 Rh5 36. Rf1 Qe8 37. Nf5 Bxc5 38. Ng7 Qxe5 39. Nxh5 Qe2+ 40.
Rf2 Qxf2+ 41. Qxf2 Bxf2 42. Ng3 Bxg3 43. hxg3 Kf7 44.
Kf3 Ke6 45. Ke4 Nf6+ 46. Kf4 b6 47. g4 h6 48. g5 Nd5+ 49. Ke4 hxg5 50. Kd4 g4 51. b4 g3 0-1

[Event "*** SCC Grand Prix: Titled Tuesday Blitz"]
[Site "Chess.com"]
[Date "2020.08.25"]
[Round "1"]
[White "ZverevLev"]
[Black "mirceaparligras"]
[Result "0-1"]
[WhiteElo "2334"]
[BlackElo "2669"]
[TimeControl "180+1"]
[EndTime "10:07:19 PDT"]
[Termination "mirceaparligras won by checkmate"]

1. e4 e6 2. d4 d5 3. Nc3 Nf6 4.
Bg5 Be7 5. e5 Nfd7 6. h4 Bxg5 7.
hxg5 Qxg5 8. Nh3 Qe7 9. Nf4 a6 10. Bd3 g6 11. Bxg6 fxg6 12. Nxg6 hxg6 13. Rxh8+ Nf8 14.
Qg4 Qg7 15. Rh1 Nc6 16. O-O-O Bd7 17. Qg5 Ne7 18. Rh2 O-O-O 19. Rdh1 Nf5 20. Qf4 g5 21. Qd2 g4 22. Ne2 Ng6 23. Nf4 Nxf4 24. Qxf4 Qg6 25. g3 Kb8 26. c3 Ba4 27. b3 Bb5 28. Kd2 Rc8 29. a4 Be8 30. Rh8 c5 31. Rc1 c4 32.
b4 Bxa4 33. Rxc8+ Kxc8 34. Rh1 Kb8 35. Ke2 Bc2 36. Kd2 Be4 37. Rh2 Bf3 38. Kc1 Ka7 39.
Kb2 Qe8 40. Ka3 Bd1 41. Kb2 Qa4 42. Qd2 Qb3+ 43. Kc1 Bf3 44. Qb2 Qd1# 0-1

[Event "*** SCC Grand Prix: Titled Tuesday Blitz"]
[Site "Chess.com"]
[Date "2020.08.25"]
[Round "1"]
[White "AlphaHero0"]
[Black "r31415"]
[Result "0-1"]
[WhiteElo "1940"]
[BlackElo "2467"]
[TimeControl "180+1"]
[EndTime "10:07:19 PDT"]
[Termination "r31415 won on time"]

1. e4 d6 2. Nf3 Nf6 3. c3 g6 4. Bd3 Bg7 5. h3 O-O 6. O-O d5 7. e5 Nfd7 8. Re1 Nc6 9. Qe2 Ndxe5 10. Nxe5 Nxe5 11. Bc2 c5 12. Ba4 Bf5 13. d4 cxd4 14.
cxd4 Nd3 15. Bg5 f6 16. Be3 Nxe1 17. Qxe1 e5 18. Nc3 Be6 19. Bf4 Qb6 20. dxe5 fxe5 21.
Bxe5 Bxe5 22. Qxe5 Qxf2+ 23. Kh1 Qf5 24. Qe3 Bd7 25.
Bb3 Bc6 26. Rd1 Rad8 27. Qc5 Kg7 28. Nxd5 Bxd5 29. Bxd5 b6 30. Qe7+ Kh8 31. Kh2 Qf4+ 32. Kh1 Qf5 33. Kh2 Rfe8 34. Qb7 Rd7 0-1

[Event "*** SCC Grand Prix: Titled Tuesday Blitz"]
[Site "Chess.com"]
[Date "2020.08.25"]
[Round "1"]
[White "DrMamaliga"]
[Black "Iskusnyh"]
[Result "0-1"]
[WhiteElo "2225"]
[BlackElo "2555"]
[TimeControl "180+1"]
[EndTime "10:07:21 PDT"]
[Termination "Iskusnyh won by resignation"]

1. c4 c5 2. Nf3 g6 3. d4 cxd4 4. Nxd4 Nc6 5. e4 Nf6 6. Nc3 d6 7. Be3 Ng4 8. Bc1 Qb6 9. Ncb5 Bg7 10. Be3 Nxe3 11. fxe3 a6 12. Nxc6 Qxe3+ 13. Qe2 Qxe2+ 14. Bxe2 axb5 15. Nb4 Bxb2 16. Rb1 Bc3+ 17. Kf2 Bxb4 18. Rxb4 Rxa2 19. cxb5 Bg4 20. Re1 Kd7 21. h3 Bxe2 22.
Rxe2 Rxe2+ 23. Kxe2 Ra8 24. Rb2 b6 25. Kf2 Ra3 26.
Ke2 h5 27. Kf2 g5 28. Ke2 Ke6 29. Rd2 Rc3 30. Kf2 Rc5 31. Rb2 Ke5 32. Rb4 Rc2+ 33. Kf3 Rc3+ 34. Kf2 h4 35. Ke2 Kf4 36. Ra4 Rc2+ 37. Kd3 Rxg2 38. Ra7 Rg3+ 39. Kd4 e5+ 40. Kd5 Rd3+ 41. Kc6 Kxe4 42. Rxf7 d5 43. Kxb6 Rxh3 44.
Rf1 Rb3 45. Ka5 h3 46. Ka4 Rb2 47. Rg1 h2 48. Rh1 g4 49. Ka3 Rxb5 50. Rxh2 g3 51. Rg2 Kf3 52. Rg1 g2 53. Rb1 Rxb1 0-1

[Event "*** SCC Grand Prix: Titled Tuesday Blitz"]
[Site "Chess.com"]
[Date "2020.08.25"]
[Round "1"]
[White "binbin239"]
[Black "Jabberwockiez"]
[Result "1-0"]
[WhiteElo "2588"]
[BlackElo "2257"]
[TimeControl "180+1"]
[EndTime "10:07:22 PDT"]
[Termination "binbin239 won by checkmate"]

1. d4 Nf6 2. Nf3 e6 3. g3 b5 4.
Bg2 Bb7 5. O-O c5 6. dxc5 Bxc5 7. b3 O-O 8. Bb2 d6 9. Nbd2 Nbd7 10. c4 a6 11. Rc1 b4 12. Qc2 a5 13. Rfd1 Qe7 14.
h3 a4 15. bxa4 Bc6 16. Nb3 Bxa4 17. e3 Rac8 18. Qd2 Ne4 19. Qe2 Bxb3 20. axb3 Ndf6 21. Nd4 e5 22. Nf5 Qe6 23. Bxe4 Nxe4 24. Qg4 g6 25. Nh6+ Kg7 26. Qxe4 Kxh6 27. Kg2 f5 28. Qh4+ Kg7 29. e4 h6 30. exf5 Qxf5 31. Rd2 Qf3+ 32. Kh2 Bxf2 33. Rxd6 Bxg3+ 34. Qxg3 Qe2+ 35. Kh1 Qe4+ 36.
Qg2 Rf3 37. Rd7+ Kg8 38. Bxe5 Rxh3+ 39. Bh2 Rxh2+ 40. Kxh2 Qf4+ 41. Qg3 Qf5 42. Rcd1 Rf8 43. R1d2 Qb1 44. R7d3 Qf1 45. Qxg6+ Kh8 46. Qxh6+ Kg8 47. Rg3+ Kf7 48. Qg6+ Ke7 49. Re3# 1-0

[Event "*** SCC Grand Prix: Titled Tuesday Blitz"]
[Site "Chess.com"]
[Date "2020.08.25"]
[Round "1"]
[White "Barys1974"]
[Black "AGW2016"]
[Result "0-1"]
[WhiteElo "2639"]
[BlackElo "2341"]
[TimeControl "180+1"]
[EndTime "10:07:23 PDT"]
[Termination "AGW2016 won on time"]

1. e4 c5 2. Nf3 d6 3. d4 cxd4 4. Nxd4 Nf6 5. f3 Nc6 6. c4 e6 7. Nc3 d5 8. cxd5 exd5 9. Bb5 Bd7 10. exd5 Nxd4 11. Qxd4 Bd6 12. O-O O-O 13. Bxd7 Qxd7 14. Bg5 Rac8 15. Kh1 Bc5 16. Qh4 Ne8 17. Rad1 Nd6 18.
Ne4 h6 19. Bf4 Rfe8 20. Qg3 Nxe4 21. fxe4 Rxe4 22. h3 h5 23. a3 Rd8 24. d6 Re6 25. Rd3 Bxd6 26. Rfd1 Bxf4 27. Rxd7 Rxd7 28. Qf3 Rxd1+ 29.
Qxd1 Bg3 30. Qd8+ Kh7 31. Qd3+ Rg6 32. Qf5 Kg8 33. Qc8+ Kh7 34. Qf5 h4 35. Kg1 Kg8 36. Qc8+ Kh7 37. Qf5 Kh6 38. Qe4 Re6 0-1

[Event "*** SCC Grand Prix: Titled Tuesday Blitz"]
[Site "Chess.com"]
[Date "2020.08.25"]
[Round "1"]
[White "wonderfultime"]
[Black "FedaMaster"]
[Result "1-0"]
[WhiteElo "2889"]
[BlackElo "2431"]
[TimeControl "180+1"]
[EndTime "10:07:24 PDT"]
[Termination "wonderfultime won by checkmate"]

1. d4 f5 2. Nc3 Nf6 3. Bg5 g6 4. e4 fxe4 5. f3 d5 6. fxe4 dxe4 7. Bc4 Bg7 8. Nge2 Nc6 9. a3 a6 10. O-O Bf5 11. Qd2 h6 12. Bf4 e5 13. Be3 exd4 14. Nxd4 Nxd4 15. Bxd4 c5 16. Be3 Qxd2 17. Bxd2 O-O-O 18. Be3 Ng4 19. Bxc5 Bd4+ 20. Bxd4 Rxd4 21. Bb3 Rhd8 22.
Rae1 h5 23. h3 Nf6 24. Ne2 Rd2 25. Ng3 h4 26. Nxf5 gxf5 27. Rxf5 Nd7 28. Rxe4 Nb6 29. Rf2 Rd1+ 30. Kh2 Rc1 31. Rxh4 Re8 32. Rh6 Nd7 33. Be6 Kd8 34. Rd2 Re7 35. h4 Kc7 36. Bxd7 Rxd7 37.
Rxd7+ Kxd7 38. c3 Rc2 39. h5 Rxb2 40. Rf6 Ke7 41. Rf3 Rb3 42. g4 Rb6 43. Kg3 Ke6 44. g5 Ke5 45. h6 Rb1 46. Kg4 Rg1+ 47. Kh5 Ke4 48. Rf8 Kd3 49. g6 Kxc3 50. h7 Kb3 51.
h8=Q Rh1+ 52. Kg5 Rxh8 53. Rxh8 b5 54. g7 Kxa3 55. Rh3+ Ka4 56. g8=Q a5 57. Qb3# 1-0

[Event "*** SCC Grand Prix: Titled Tuesday Blitz"]
[Site "Chess.com"]
[Date "2020.08.25"]
[Round "1"]
[White "BakaPG"]
[Black "Olga_Zhuravleva"]
[Result "1-0"]
[WhiteElo "2679"]
[BlackElo "2348"]
[TimeControl "180+1"]
[EndTime "10:07:24 PDT"]
[Termination "BakaPG won by checkmate"]

1. e4 e5 2. Nf3 Nc6 3. Bb5 f5 4. d3 Nf6 5. O-O Bc5 6. Bc4 d6 7. Ng5 Qe7 8. a3 h6 9. Nf3 fxe4 10. dxe4 Nxe4 11. Nbd2 Nf6 12. b4 Bb6 13. Bb2 Bg4 14. h3 Bh5 15. Qb1 a6 16. Nh4 d5 17. Bb3 O-O 18. c4 Kh8 19. c5 Ba7 20. Re1 Ne4 21. Nxe4 Qxh4 22. Bxd5 Rad8 23. Bxc6 bxc6 24.
Ng3 Bf7 25. Qe4 Qf6 26. Bxe5 Qg5 27. h4 Qg6 28. Nf5 Rg8 29. Ne7 Qxe4 30. Rxe4 Rge8 31.
Nxc6 Bb8 32. Nxd8 Rxd8 33. Rd4 Re8 34. f4 c6 35. Bxb8 Rxb8 36. Re1 Bd5 37. Re7 a5 38. f5 axb4 39. axb4 Rf8 40. g4 Ra8 41. g5 Ra1+ 42.
Kf2 Ra2+ 43. Kg3 Rg2+ 44. Kf4 hxg5+ 45. hxg5 Rf2+ 46. Ke5 Rg2 47. Re8+ Bg8 48. Rh4# 1-0

[Event "*** SCC Grand Prix: Titled Tuesday Blitz"]
[Site "Chess.com"]
[Date "2020.08.25"]
[Round "1"]
[White "SahajGrover"]
[Black "InitiatingASC"]
[Result "1-0"]
[WhiteElo "2676"]
[BlackElo "2346"]
[TimeControl "180+1"]
[EndTime "10:07:24 PDT"]
[Termination "SahajGrover won by resignation"]

1. e4 c5 2. Nf3 Nc6 3. Nc3 Nf6 4. Bb5 g6 5. e5 Ng4 6. Bxc6 dxc6 7. h3 Nh6 8. g4 Bg7 9. d3 f6 10. exf6 exf6 11.
Qe2+ Qe7 12. Qxe7+ Kxe7 13. Be3 b6 14. O-O-O Be6 15. d4 c4 16. d5 cxd5 17. Nxd5+ Bxd5 18. Rxd5 Rad8 19. Rhd1 Nf7 20. a4 Rxd5 21. Rxd5 Rd8 22. Rxd8 Kxd8 23. Nd4 Kd7 24. Nb5 a6 25. Na3 c3 26. bxc3 Kc6 27. Bd4 Bh6+ 28. Kd1 f5 29. Ke2 Nd6 30. Be5 Nb7 31. gxf5 gxf5 32. Bd4 Nc5 33. Bxc5 Kxc5 34. Kd3 Bg7 35. Nc4 b5 36.
axb5 axb5 37. Ne3 f4 38. Nf5 Be5 39. Nd4 b4 40. cxb4+ Kxb4 41. Ke4 Bc7 42. Ne2 Kc4 43. Nxf4 Kc3 44. Nd5+ Kxc2 45. Nxc7 1-0

[Event "*** SCC Grand Prix: Titled Tuesday Blitz"]
[Site "Chess.com"]
[Date "2020.08.25"]
[Round "1"]
[White "AvitalBor"]
[Black "GlennTipton"]
[Result "0-1"]
[WhiteElo "2819"]
[BlackElo "2432"]
[TimeControl "180+1"]
[EndTime "10:07:25 PDT"]
[Termination "GlennTipton won by checkmate"]

1. e4 e5 2. Nf3 Nc6 3. Bb5 a6 4. Ba4 Nf6 5. d3 d6 6. c3 g6 7. O-O Bg7 8. Re1 O-O 9. Nbd2 Nh5 10. Nf1 Ne7 11. d4 Bg4 12. h3 Bxf3 13. Qxf3 exd4 14. cxd4 Bxd4 15. g4 Ng7 16. Rd1 Be5 17. Bh6 b5 18. Bb3 Nc6 19. Qe3 Ne6 20. Bxf8 Qxf8 21. Bd5 Ncd4 22.
Bxa8 Qxa8 23. Ng3 Bf4 24. Qc3 c5 25. Rxd4 Nxd4 26. Qd3 Bxg3 27. fxg3 Qe8 28. a4 Qe5 29. axb5 axb5 30. Kg2 d5 31. Qe3 dxe4 32. Qf4 Qd5 33. Kf2 Nc2 34. Ra7 e3+ 35. Ke2 Qd2+ 36. Kf3 Qf2+ 37.
Ke4 Qxf4+ 38. Kxf4 e2 39. Kg5 e1=Q 40. Kh6 Qe3+ 41. g5 Qe8 42. h4 Qf8# 0-1

[Event "*** SCC Grand Prix: Titled Tuesday Blitz"]
[Site "Chess.com"]
[Date "2020.08.25"]
[Round "1"]
[White "K_A_S_T_O_R"]
[Black "GuerrieroFromLevant"]
[Result "1-0"]
[WhiteElo "2724"]
[BlackElo "2381"]
[TimeControl "180+1"]
[EndTime "10:07:25 PDT"]
[Termination "K_A_S_T_O_R won by resignation"]

1. e4 e6 2. d4 d5 3. Nc3 Nf6 4. e5 Nfd7 5. Nce2 c5 6. c3 Nc6 7. f4 b5 8. a3 Qb6 9. Nf3 a5 10.
f5 exf5 11. Nf4 Ne7 12. Bd3 h6 13. h4 Bb7 14. Qe2 c4 15. Bc2 O-O-O 16. b3 Rg8 17. bxc4 dxc4 18. Be3 g5 19. hxg5 hxg5 20. Nh5 f4 21.
Bd2 Nd5 22. Rb1 g4 23. Nh4 Bxa3 24. Nxf4 Nf8 25. Nf5 Nxf4 26. Bxf4 Ne6 27. Be3 Qc6 28. O-O Rh8 29. Ra1 Bf8 30. Rxa5 g3 31. Nxg3 Qb6 32. Rfa1 Nc7 33. Ne4 Nd5 34. Bd2 Rh4 35. Qf2 Be7 36. Bg5 Rxe4 37. Bxe4 Bxg5 38. Qf5+ Kc7 39. Qxg5 Nxc3 40. Bxb7 Kxb7 41. Qe7+ Kc6 42. Ra6 Nd5 43. Qxd8 1-0

[Event "*** SCC Grand Prix: Titled Tuesday Blitz"]
[Site "Chess.com"]
[Date "2020.08.25"]
[Round "1"]
[White "shnitez"]
[Black "hansen"]
[Result "0-1"]
[WhiteElo "2446"]
[BlackElo "2934"]
[TimeControl "180+1"]
[EndTime "10:07:26 PDT"]
[Termination "hansen won by resignation"]

1. c4 e5 2. Nc3 Nf6 3. Nf3 Nc6 4. e4 Bb4 5. d3 O-O 6. Be2 d6 7.
O-O Nd7 8. Nd5 Bc5 9. Be3 a5 10. d4 exd4 11. Nxd4 Re8 12. f3 Nxd4 13. Bxd4 f5 14. Nc3 Qf6 15. Bf2 Bxf2+ 16. Rxf2 Nc5 17. exf5 Bxf5 18. Bf1 Re5 19. Qd4 Rae8 20. Rd1 Qf7 21. b3 b6 22. Nd5 Bd7 23. Qd2 Bc6 24. Nc3 Qf6 25. Qc2 Re3 26. Nd5 Bxd5 27. Rxd5 Re1 28.
Rd1 Rxd1 29. Qxd1 Qc3 30. Qd2 Qa1 31. g3 g6 32. h4 Re1 33. Kg2 Qe5 34. Kh2 Kg7 35.
Re2 Rxe2+ 36. Bxe2 a4 37. b4 Ne6 38. Kg2 a3 39. Kf2 Nd4 40. Bf1 Nf5 41. f4 Qa1 42.
Be2 h5 43. Qd3 Qxa2 44. Qe4 Qb2 45. Qc6 a2 46. Qxc7+ Kh6 47. Qd8 a1=Q 48. Qg5+ Kh7 49. g4 Qd4+ 0-1

[Event "*** SCC Grand Prix: Titled Tuesday Blitz"]
[Site "Chess.com"]
[Date "2020.08.25"]
[Round "1"]
[White "26andrej26"]
[Black "saraswathii"]
[Result "1-0"]
[WhiteElo "2628"]
[BlackElo "2295"]
[TimeControl "180+1"]
[EndTime "10:07:26 PDT"]
[Termination "26andrej26 won by resignation"]

1. e4 c5 2. Nf3 e6 3. d4 cxd4 4. Nxd4 Nf6 5. Nc3 Nc6 6. Ndb5 Bb4 7. a3 Bxc3+ 8. Nxc3 d5 9. exd5 exd5 10. Bd3 d4 11. Ne4 Nxe4 12. Bxe4 Bf5 13. Qe2 Bxe4 14. Qxe4+ Qe7 15.
Qxe7+ Kxe7 16. Bf4 Rhe8 17. O-O-O Rad8 18. Rd2 Kf6 19. Rhd1 a6 20. Bg3 h6 21. f3 Rd7 22. Bf2 Red8 23.
Rd3 Ke6 24. Re1+ Kf6 25. Red1 Ke6 26. b3 Ke5 27. Bh4 g5 28. Bf2 Rd5 29. Re1+ Kd6 30. h4 Rd7 31. hxg5 hxg5 32. Bg3+ Kc5 33. Bf2 Kd6 34. Kb1 f6 35. Re4 Kc7 36. g4 Kc8 37. Bg3 Re7 38. Rxe7 Nxe7 39. Bf2 Nc6 40. Kc1 Kd7 41.
c3 Ke6 42. Bxd4 Ne5 43. Re3 Rb5 44. c4 Ra5 45. a4 b5 46. Bb6 1-0

[Event "*** SCC Grand Prix: Titled Tuesday Blitz"]
[Site "Chess.com"]
[Date "2020.08.25"]
[Round "1"]
[White "tylityli"]
[Black "TwentyHoursADay"]
[Result "1-0"]
[WhiteElo "2201"]
[BlackElo "2489"]
[TimeControl "180+1"]
[EndTime "10:07:26 PDT"]
[Termination "tylityli won by resignation"]

1. d4 Nf6 2. c4 d6 3. Nf3 Nbd7 4. Nc3 e5 5. d5 g6 6. e4 Bg7 7. g3 O-O 8. Bg2 c5 9. O-O Ne8 10. Nh4 f5 11. exf5 gxf5 12. f4 e4 13. Be3 Ndf6 14. h3 Kh8 15. Kh2 Qe7 16. Qe1 Rg8 17. Bf2 Bd7 18.
g4 fxg4 19. Nxe4 gxh3 20. Bf3 Ng4+ 21. Bxg4 Bxg4 22. Ng5 Bf6 23. Ne6 Nc7 24. f5 Nxe6 25.
dxe6 Bxb2 26. Rb1 Bf6 27. Bg3 Rad8 28. Rb3 Rg5 29. Qe4 b6 30. Nf3 Rg7 31. Rd3 Rdg8 32. Bxd6 Qe8 33. Be5 Bxf3 34. Rdxf3 Rg2+ 35. Kh1 Qe7 36. Rxh3 R8g4 37. Bxf6+ Qxf6 38. Qxg2 Rxg2 39. Kxg2 Qg5+ 40.
Rg3 Qf6 41. Re1 Qb2+ 42. Kf3 Qc3+ 43. Re3 Qc1 44. e7 Qf1+ 45. Kg4 Qd1+ 46. Kg5 h6+ 47. Kg6 Qd6+ 48. f6 1-0

[Event "*** SCC Grand Prix: Titled Tuesday Blitz"]
[Site "Chess.com"]
[Date "2020.08.25"]
[Round "1"]
[White "kngopal"]
[Black "chessplayer9919"]
[Result "0-1"]
[WhiteElo "2261"]
[BlackElo "2591"]
[TimeControl "180+1"]
[EndTime "10:07:27 PDT"]
[Termination "chessplayer9919 won by resignation"]

1. e4 c6 2. d4 d5 3. e5 Bf5 4. Bd3 Bxd3 5. Qxd3 e6 6. Nf3 Qa5+ 7.
Nc3 Qa6 8. Qxa6 Nxa6 9. a3 Ne7 10. b4 h5 11. Nh4 f6 12. exf6 gxf6 13. Kd1 Kf7 14.
Re1 Rg8 15. g3 Rg4 16. Be3 Nc7 17. h3 Rg8 18. Kd2 Ne8 19. Kd3 Nd6 20. Na4 Nc4 21.
Bc1 b6 22. Nb2 Nd6 23. c4 b5 24. cxb5 cxb5 25. a4 Nc6 26. Bd2 Ne4 27. axb5 Nxb4+ 28. Bxb4 Bxb4 29. Re2 Rgc8 30. Nd1 Nc3 31. Rc2 Nxb5 32.
Rxc8 Rxc8 33. Nf3 a5 34. Nd2 Bxd2 35. Kxd2 Nxd4 36. Kd3 Nb3 37. Ra3 a4 38. Nc3 Ra8 39. f4 Ke7 40. f5 d4 41. Ne2 e5 42.
g4 hxg4 43. hxg4 Rg8 44. Kc4 Rxg4 45. Rxa4 d3+ 46. Kxb3 Rxa4 47. Nc3 Rd4 48. Nb5 d2 49. Nxd4 d1=Q+ 50. Kc4 Qxd4+ 0-1

[Event "*** SCC Grand Prix: Titled Tuesday Blitz"]
[Site "Chess.com"]
[Date "2020.08.25"]
[Round "1"]
[White "MestreSoares"]
[Black "Crazy_girl99"]
[Result "0-1"]
[WhiteElo "2123"]
[BlackElo "2502"]
[TimeControl "180+1"]
[EndTime "10:07:30 PDT"]
[Termination "Crazy_girl99 won on time"]

1. Nf3 d5 2. b3 Nf6 3. Bb2 g6 4.
e3 Bg7 5. Be2 O-O 6. O-O c5 7.
d4 cxd4 8. Nxd4 Nc6 9. c4 Re8 10. Nxc6 bxc6 11. cxd5 cxd5 12. Nc3 e5 13. Bf3 Be6 14.
Rc1 Rc8 15. Na4 Qd6 16. Qd2 h5 17. h3 Kh7 18. Rxc8 Rxc8 19. Rc1 Rxc1+ 20. Qxc1 d4 21.
exd4 exd4 22. Qd2 Nd7 23. Be4 Be5 24. Bd3 Bf4 25. Qe2 Kg8 26. g3 Bxg3 27. Kg2 Be5 28. f3 Nf6 29. Bc1 h4 30. Bg5 Nh5 31. Qe4 Bf6 32. Qa8+ Kh7 33. Bxf6 Qg3+ 34. Kf1 Bxh3+ 35.
Ke2 Nxf6 36. Qxa7 Qe5+ 37. Kd1 Be6 38. Nc5 h3 39. Nxe6 Qxe6 40. Qxd4 Nh5 41. Bc4 Qf5 42. Qf2 Kg7 43. Bf1 Nf4 44. Qb2+ Kg8 0-1

[Event "*** SCC Grand Prix: Titled Tuesday Blitz"]
[Site "Chess.com"]
[Date "2020.08.25"]
[Round "1"]
[White "Angel_Hranitel_37"]
[Black "Duhless"]
[Result "0-1"]
[WhiteElo "2449"]
[BlackElo "3006"]
[TimeControl "180+1"]
[EndTime "10:07:31 PDT"]
[Termination "Duhless won by resignation"]

1. d4 Nf6 2. Nf3 d6 3. g3 g6 4. Bg2 Bg7 5. O-O O-O 6. Nc3 Nc6 7. d5 Nb4 8. a3 Na6 9. e4 Nc5 10. Re1 a5 11. e5 dxe5 12. Nxe5 Bf5 13. Be3 Ncd7 14.
Bd4 Nxe5 15. Bxe5 Qd7 16. Qd4 Bh3 17. Ne4 Bxg2 18. Kxg2 Nxe4 19. Bxg7 Ng5 20. Bxf8 Rxf8 21. g4 h5 22. h3 hxg4 23. hxg4 Ne6 24. Qe5 Ng7 25.
c4 Qxg4+ 26. Qg3 Qxc4 27. Re5 Rd8 28. Qf3 Nf5 29. Kg1 f6 30. Re4 Qxd5 31. Qg4 Kf7 32. Rae1 e5 33. Qh3 Kg7 34. Rg4 Nd4 35. Re3 Ne6 36. Rh4 Ng5 37. Qg3 Qc6 38. Kh2 Rd1 39. Rg4 0-1